[Event "*** Titled Tuesday Blitz"]
[Site "Chess.com"]
[Date "2021.04.27"]
[Round "11"]
[White "Margency"]
[Black "Keks2017"]
[Result "1-0"]
[WhiteElo "2651"]
[BlackElo "2471"]
[TimeControl "180+1"]
[EndTime "12:05:10 PDT"]
[Termination "Margency won on time"]

1. e4 d6 2. d4 Nf6 3. Nc3 g6 4. Bg5 Bg7 5. Qd2 c6 6. f4 O-O 7. Bd3 b5 8. a3 a6 9. e5 Nd5 10. Nxd5 cxd5 11. Nf3 f6 12. Bh4 Bh6 13. exf6 exf6 14.
O-O Nc6 15. c3 Ne7 16. Bc2 Bf5 17. Bb3 Be4 18. Rae1 Kh8 19. Re2 Nc8 20. Ne1 Qd7 21. Nd3 Nb6 22. Nf2 f5 23. Nxe4 dxe4 24. d5 Bg7 25. Bf2 Qb7 26. Be3 Rac8 27. Ra1 Nc4 28. Qd1 Nxe3 29. Rxe3 Qb6 30. Qd2 a5 31. Kh1 h5 32.
Rg3 Kh7 33. Qe2 Bf6 34. Rg1 b4 35. axb4 axb4 36. c4 Qd4 37. Rb1 Ra8 38. Rh3 Kg7 39. Rg3 Kf7 40. Qe1 Qc5 41. Re3 Ra7 42. h3 Rfa8 43.
g4 hxg4 44. hxg4 Rh8+ 45. Kg2 Kf8 46. Rh3 Rxh3 47. Kxh3 Rh7+ 48. Kg2 Qd4 49. Qxb4 Be7 50. Qc3 Qxc3 51. bxc3 Bf6 52. gxf5 gxf5 53. c5 Bxc3 54. cxd6 Rd7 55. Rc1 Bd2 56. Rc8+ Kg7 57. Rc7 1-0

[Event "*** Titled Tuesday Blitz"]
[Site "Chess.com"]
[Date "2021.04.27"]
[Round "11"]
[White "kubal123"]
[Black "Manukyan_Artak"]
[Result "0-1"]
[WhiteElo "2305"]
[BlackElo "2462"]
[TimeControl "180+1"]
[EndTime "12:05:10 PDT"]
[Termination "Manukyan_Artak won by resignation"]

1. e4 c6 2. d4 d5 3. Nd2 dxe4 4. Nxe4 Nf6 5. Nxf6+ exf6 6. c3 Bd6 7. Bd3 Na6 8. Ne2 Nc7 9. O-O O-O 10. Qc2 g6 11.
Bf4 Re8 12. Bxd6 Qxd6 13. Ng3 f5 14. Rfe1 Be6 15. Re2 b5 16. Rae1 Bd5 17. Nf1 Rxe2 18. Rxe2 Ne6 19. Ne3 Nf4 20. Re1 Nxd3 21. Qxd3 Bxa2 22.
Ra1 Be6 23. Nc2 a5 24. h4 Qf4 25. g3 Qe4 26. Qxe4 fxe4 27. Nb4 Bd7 28. d5 c5 29. Nc6 a4 30. Ne5 Rd8 31. c4 bxc4 32. Nxc4 f5 33. Nb6 Bb5 34. Nxa4 Ra8 35. b3 c4 36. Rb1 cxb3 37. Nc5 Bc4 38. d6 Kf7 39. Nxb3 Rb8 40. Nd2 Rxb1+ 41. Nxb1 Ke6 42. Nd2 Bd5 43. Kf1 Kxd6 44. Ke2 Ke5 45. Ke3 h6 46. Nb1 g5 47. hxg5 hxg5 48. Nc3 f4+ 49. gxf4+ gxf4+ 50. Kd2 Bc4 51. Na4 Kd4 52. Nb6 Be6 53. Na4 e3+ 54.
fxe3+ fxe3+ 55. Ke1 Bb3 56. Nb2 Kc3 57. Ke2 Kd4 58.
Nd1 Bxd1+ 59. Kxd1 Kd3 60. Ke1 e2 0-1

[Event "*** Titled Tuesday Blitz"]
[Site "Chess.com"]
[Date "2021.04.27"]
[Round "11"]
[White "Iball95"]
[Black "Andreikka"]
[Result "0-1"]
[WhiteElo "2659"]
[BlackElo "2893"]
[TimeControl "180+1"]
[EndTime "12:05:11 PDT"]
[Termination "Andreikka won by checkmate"]

1. e4 e5 2. Nf3 Nc6 3. Nc3 Nf6 4.
Bb5 Bd6 5. a3 a6 6. Bc4 Bc5 7.
d3 h6 8. Be3 Bxe3 9. fxe3 d6 10. O-O O-O 11. Nh4 Nxe4 12. Rxf7 Rxf7 13. Bxf7+ Kxf7 14. Qh5+ Kg8 15. Nxe4 Be6 16. Rf1 Qe7 17. Ng6 Qd7 18. Nh4 Rf8 19. Rxf8+ Kxf8 20. Qg6 Ne7 21.
Qg3 Qb5 22. b3 Qa5 23. a4 Qb6 24. h3 Qc6 25. Ng6+ Nxg6 26. Qxg6 Bf7 27. Qf5 Qxc2 28.
Qc8+ Be8 29. Qf5+ Bf7 30. Qc8+ Ke7 31. Qxb7 Bxb3 32. Kh2 Bxa4 33. Ng3 Bd7 34. Qxa6 Qf2 35. e4 Qf4 36. Qa7 h5 37. Qxc7 h4 38. Kg1 Qe3+ 39.
Kh1 hxg3 40. Qc3 Qf2 41. Qc1 Kf7 42. h4 Bh3 43. Qg1 Qxg1+ 44. Kxg1 Bg4 45. Kf1 Kg6 46. Ke1 Kh5 47. Kd2 Bh3 48. Ke3 Bxg2 49. d4 Kxh4 50.
dxe5 dxe5 51. Kd3 Bxe4+ 52. Kxe4 g2 53. Kf5 g1=Q 54. Ke4 Qg4+ 55. Kd5 Qf5 56. Kc5 g5 57. Kc4 g4 58. Kc3 e4 59. Kd2 e3+ 60. Ke1 Qf2+ 61. Kd1 Qd2# 0-1

[Event "*** Titled Tuesday Blitz"]
[Site "Chess.com"]
[Date "2021.04.27"]
[Round "11"]
[White "Darius321"]
[Black "shaheus"]
[Result "1-0"]
[WhiteElo "2298"]
[BlackElo "2173"]
[TimeControl "180+1"]
[EndTime "12:05:11 PDT"]
[Termination "Darius321 won on time"]

1. e4 c5 2. Nf3 Nc6 3. Bb5 g6 4. O-O Bg7 5. Re1 Nf6 6. c3 O-O 7. h3 d6 8. d4 cxd4 9. cxd4 a6 10.
Bf1 b5 11. Nc3 Bb7 12. Bg5 Rc8 13. Qd2 b4 14. Nd5 Qa5 15. Nxf6+ exf6 16. Bh6 Rfe8 17. Bxg7 Kxg7 18. Qf4 d5 19. e5 f5 20. h4 Nd8 21.
h5 Ne6 22. Qh4 Qd8 23. h6+ Kf8 24. Qg3 Rc2 25. b3 a5 26. Bb5 Bc6 27. Bxc6 Rxc6 28. Rac1 Qb6 29. Rxc6 Qxc6 30. Ng5 Nxg5 31. Qxg5 Qb6 32.
Qh4 Qd8 33. Qf4 Qd7 34. Rc1 Rc8 35. Rc5 Rxc5 36. dxc5 Qc6 37. Qd4 Ke7 38. f4 Ke6 39.
Kf2 Qb5 40. Qe3 a4 41. Ke1 axb3 42. axb3 Qa5 43. Qc1 Qa2 44. Kf1 Kd7 45. c6+ Kc7 46. Qc5 Qb1+ 47. Kf2 Qb2+ 48. Kg1 Qxb3 49. Qd6+ Kb6 50.
c7+ Kb5 51. Kh2 Qc4 52. Qd7+ Ka5 53. c8=Q Qxf4+ 54. Kg1 Qe3+ 55. Kf1 Qd3+ 56. Ke1 1-0

[Event "*** Titled Tuesday Blitz"]
[Site "Chess.com"]
[Date "2021.04.27"]
[Round "11"]
[White "InitiatingASC"]
[Black "HouseOfDurin"]
[Result "1-0"]
[WhiteElo "2373"]
[BlackElo "2130"]
[TimeControl "180+1"]
[EndTime "12:05:13 PDT"]
[Termination "InitiatingASC won on time"]

1. Nf3 c5 2. h4 Nc6 3. h5 e5 4. d3 d5 5. g3 Be6 6. Nc3 Qd7 7.
e4 d4 8. Ne2 Bd6 9. Ng5 Bg4 10.
f3 h6 11. fxg4 hxg5 12. Bxg5 f6 13. Bd2 Qxg4 14. Rh4 Qf3 15. Rh3 Rxh5 16. Ng1 Qxd1+ 17. Kxd1 Rxh3 18. Bxh3 Kf7 19. Ke2 Nge7 20. Rf1 Rh8 21. Nf3 Nd8 22. Bd7 Ne6 23. a3 a6 24. b4 cxb4 25.
axb4 Nc6 26. c4 Nxb4 27. Nxe5+ Bxe5 28. Bxb4 Rh2+ 29. Rf2 Rh3 30. g4 Re3+ 31. Kd2 Ng5 32. Kc2 Rg3 33. Bd2 Nf3 34. Bc1 Ne1+ 35. Kb1 Nxd3 36.
Rf1 Ke7 37. Bc8 Nc5 38. g5 fxg5 39. Bf5 Bf6 40. Bg6 Rg4 41. Rh1 Kd6 42. Rh8 Nxe4 43. Ba3+ Kc6 44. Rc8+ Kb6 45. c5+ Ka7 46. Re8 Nc3+ 47.
Kc2 Nb5 48. Bb4 Rg2+ 49. Kb3 Rg3+ 50. Kc4 d3 51. Bxd3 Rg4+ 52. Be4 Rf4 53. c6 bxc6 54.
Bc5+ Kb7 55. Be3 Rg4 56. Kc5 Nc3 57. Bxc6+ Kc7 58. Bf3 Rg3 59. Bc6 Rxe3 60. Rxe3 g4 61. Bg2 1-0

[Event "*** Titled Tuesday Blitz"]
[Site "Chess.com"]
[Date "2021.04.27"]
[Round "11"]
[White "TimofeevAr"]
[Black "StockholmMissile"]
[Result "1-0"]
[WhiteElo "2817"]
[BlackElo "2620"]
[TimeControl "180+1"]
[EndTime "12:05:14 PDT"]
[Termination "TimofeevAr won on time"]

1. c4 e5 2. e3 Nf6 3. Nc3 Nc6 4.
d3 g6 5. Nf3 Bg7 6. Be2 O-O 7.
O-O d5 8. cxd5 Nxd5 9. Bd2 Re8 10. a3 Nxc3 11. Bxc3 Be6 12. Rc1 h6 13. b4 a6 14.
Qc2 Qd7 15. Qb2 f6 16. Rfd1 Qf7 17. d4 e4 18. d5 Bxd5 19. Nd2 Rad8 20. a4 Rd7 21. b5 axb5 22. axb5 Ne5 23. Bxe5 Rxe5 24. Nc4 Bxc4 25. Rxd7 Qxd7 26. Bxc4+ Kh7 27. g3 Re8 28. Qb3 Rd8 29. Kg2 Qg4 30. Qc2 Qf3+ 31. Kg1 h5 32.
Bf1 Qf5 33. Bg2 Rd3 34. Qxc7 Rd2 35. Rf1 Qxb5 36. Bxe4 b6 37. Bf3 Qf5 38. Kg2 b5 39.
Qe7 Kh6 40. Be4 Qe5 41. Qxe5 fxe5 42. Rb1 Rd6 43. Rxb5 Bf6 44. h4 Bg7 45. Rb7 Re6 46. Rd7 Rb6 47. Kf3 Ra6 48. Kg2 Rb6 49. Kh3 Ra6 50.
f3 Rb6 51. g4 hxg4+ 52. fxg4 Rb3 53. g5+ Kh7 54. Kg4 Rxe3 55. Bb1 e4 56. Re7 Re1 57.
Bxe4 Kh8 58. Re8+ Kh7 59. Bxg6+ 1-0

[Event "*** Titled Tuesday Blitz"]
[Site "Chess.com"]
[Date "2021.04.27"]
[Round "11"]
[White "platy3"]
[Black "Susal_De_Silva"]
[Result "1-0"]
[WhiteElo "2838"]
[BlackElo "2635"]
[TimeControl "180+1"]
[EndTime "12:05:20 PDT"]
[Termination "platy3 won by checkmate"]

1. d4 Nf6 2. c4 e6 3. Nf3 b6 4. g3 Bb7 5. Bg2 g6 6. O-O Bg7 7. Qc2 Be4 8. Qb3 Nc6 9. Nbd2 Na5 10. Qc3 c5 11. b3 O-O 12. Bb2 Bb7 13. dxc5 bxc5 14. Rad1 Nc6 15. e3 Qe7 16. Ne5 Rac8 17. Nxc6 Bxc6 18. Bxc6 Rxc6 19. Nf3 d6 20. Qd3 Rd8 21.
Rd2 Rc7 22. Bc3 Rcd7 23. Ba5 Rc8 24. Rfd1 Rc6 25. Qc2 Ra6 26. Bc3 Ne8 27. Bxg7 Nxg7 28. h4 e5 29. Qe4 f6 30. Nh2 Qe6 31. Rd5 Rxa2 32. Qd3 Ne8 33. Nf1 Rb7 34. Nd2 Ra3 35. Kh2 Kg7 36. Rb1 f5 37. e4 Rb6 38. exf5 Qxf5 39. Ne4 Nf6 40. Nxf6 Qxf6 41. Rb2 a5 42. Qc2 e4 43. Rd2 Qe5 44. Re2 a4 45. Rxe4 axb3 46.
Qe2 Qf6 47. Re7+ Kg8 48. Re8+ Kg7 49. Re7+ Kg8 50. Rd7 Ra8 51. Qe4 Rf8 52. Qe2 Rbb8 53. Rc7 Rbe8 54. Qd2 Re5 55. Rxb3 Rf5 56. f4 Re8 57. Rbb7 Qe6 58. Rg7+ Kf8 59. Rxh7 Qe2+ 60. Qxe2 Rxe2+ 61. Kh3 Re4 62. Rh8# 1-0

[Event "*** Titled Tuesday Blitz"]
[Site "Chess.com"]
[Date "2021.04.27"]
[Round "11"]
[White "Grandelicious"]
[Black "adnan_nn"]
[Result "0-1"]
[WhiteElo "2830"]
[BlackElo "2730"]
[TimeControl "180+1"]
[EndTime "12:05:21 PDT"]
[Termination "adnan_nn won by resignation"]

1. d4 Nf6 2. Nf3 g6 3. Nbd2 Bg7 4. e4 O-O 5. Bd3 b6 6. O-O Bb7 7. Re1 d6 8. a4 a5 9. Nf1 Nbd7 10. Ng3 e5 11. c3 Re8 12. h4 h5 13. Bg5 Qc8 14. Qb3 Ba6 15. Bb1 c5 16. Ba2 c4 17. Qd1 d5 18. exd5 exd4 19. Qxd4 Ne4 20. Qd1 Nxg5 21. Nxg5 Ne5 22. N3e4 Nd3 23. Re3 Qf5 24. Qd2 Qxd5 25. b3 cxb3 26. Bxb3 Qxb3 27. Rxd3 Bxd3 28. Qxd3 Rad8 29. Qf3 Qc4 30. Rb1 Rd3 31. Qf4 Rxc3 32. g3 Rc8 33. Rxb6 Rc1+ 34. Kh2 Qc7 35. Qe3 Rc6 36.
Rb5 Rc2 37. Qb3 Rb2 38. Qf3 Rxb5 39. axb5 a4 40. b6 Qe7 41. b7 Rf8 42. Qd3 Qxb7 43. Qc4 Qb3 44. Qa6 a3 45. Nc5 Qc2 46. Nd7 Qxf2+ 47. Kh3 Qf5+ 48. Kg2 Qxd7 49. Qxa3 Qd2+ 50. Kh3 Qd7+ 51. Kg2 Bf6 52. Qa2 Bxg5 53. hxg5 Qf5 54. Qf2 Qxf2+ 55. Kxf2 Rc8 56. Kf3 Rc4 0-1

[Event "*** Titled Tuesday Blitz"]
[Site "Chess.com"]
[Date "2021.04.27"]
[Round "11"]
[White "MFguimaraes"]
[Black "MIJuanReyesRosa"]
[Result "1-0"]
[WhiteElo "2438"]
[BlackElo "2081"]
[TimeControl "180+1"]
[EndTime "12:05:21 PDT"]
[Termination "MFguimaraes won on time"]

1. e4 c5 2. Nf3 e6 3. g3 Nc6 4.
Bg2 d6 5. O-O Nf6 6. Nc3 Be7 7.
Re1 O-O 8. a3 a6 9. Rb1 Ne5 10.
d4 cxd4 11. Nxd4 Qc7 12. h3 Bd7 13. f4 Nc4 14. Qd3 Rac8 15. a4 Rfe8 16. Kh2 Bf8 17. b3 Na5 18. Bd2 Nc6 19. Nxc6 Bxc6 20. Ne2 d5 21. exd5 Bxd5 22. c4 Bxg2 23. Kxg2 Red8 24. Qc2 Qc6+ 25. Kh2 Qf3 26. Bc3 Ne4 27. Rf1 Qd3 28.
Rbc1 Ba3 29. Qxd3 Rxd3 30. Rc2 Rcd8 31. Kg2 Nxc3 32. Nxc3 Rd2+ 33. Rf2 Rxf2+ 34. Kxf2 Bb4 35. Ke3 Bxc3 36. Rxc3 Kf8 37. b4 Ke7 38. c5 Kd7 39. b5 Kc7 40. c6 axb5 41. axb5 b6 42. Rd3 Rxd3+ 43. Kxd3 f6 44. Kd4 Kd6 45. g4 g6 46. h4 e5+ 47. fxe5+ fxe5+ 48. Ke4 h5 49. gxh5 gxh5 50. Kf5 e4 51. Kxe4 Kc7 52. Kd5 Kd8 53.
Kd6 Kc8 54. c7 Kb7 55. Kd7 Ka7 56. c8=R Kb7 57. Rh8 Ka7 58. Rxh5 Kb7 59. Rg5 Ka7 60. Kc6 1-0

[Event "*** Titled Tuesday Blitz"]
[Site "Chess.com"]
[Date "2021.04.27"]
[Round "11"]
[White "Ajedrez_con_German"]
[Black "Supernotar"]
[Result "1/2-1/2"]
[WhiteElo "2547"]
[BlackElo "2724"]
[TimeControl "180+1"]
[EndTime "12:05:22 PDT"]
[Termination "Game drawn by repetition"]

1. d4 d5 2. Bf4 Nf6 3. e3 e6 4. Nf3 c5 5. c3 Bd6 6. Bg3 Qc7 7. Bb5+ Bd7 8. Bxd7+ Nbxd7 9. O-O O-O 10. Nbd2 e5 11. dxe5 Nxe5 12. Nxe5 Bxe5 13. Nf3 Bxg3 14.
hxg3 Rad8 15. Qb3 Rd6 16. Rad1 Rfd8 17. Rd2 b6 18. Qa4 h6 19. Rfd1 a5 20. Qc2 Ne4 21.
Rd3 Qe7 22. Nd2 f5 23. Nxe4 dxe4 24. Rxd6 Rxd6 25. Qb3+ Kf8 26. Rxd6 Qxd6 27. Kh2 h5 28. Qb5 h4 29. Qe2 hxg3+ 30. fxg3 g6 31. c4 Qd3 32. Qf2 Qxc4 33. Qf4 Qe6 34. Qb8+ Kg7 35. Qc7+ Kh6 36.
Qb8 Qf6 37. Qf4+ Qg5 38. Qb8 Qf6 39. Qf4+ g5 40. Qc7 Kg6 41. b3 Qe6 42. Qb8 Kf7 43. Kg1 Ke7 44. Qc7+ Kf6 45. Qb8 Kg6 46. Qc7 Qf6 47. Qb8 Qa1+ 48. Kh2 Qf6 49. Kg1 Kh6 50. Qg8 Qa1+ 51. Kh2 Qg7 52. Qe6+ Qg6 53. Qc8 Qh5+ 54. Kg1 Qd1+ 55. Kh2 Qh5+ 56. Kg1 Qg6 57. Qd7 Qf6 58. Qc8 Qa1+ 59. Kh2 Qxa2 60. Qe6+ Kg7 61. Qe7+ Kg6 62. Qe6+ Kh5 63. Qf7+ Kh6 64. Qf6+ Kh7 65. Qf7+ Kh8 66. Qf8+ Kh7 67. Qf7+ Kh6 68. Qf6+ Kh5 69. Qf7+ Kh6 1/2-1/2

[Event "*** Titled Tuesday Blitz"]
[Site "Chess.com"]
[Date "2021.04.27"]
[Round "11"]
[White "AEMEffi"]
[Black "PlotnikovPavel"]
[Result "0-1"]
[WhiteElo "2322"]
[BlackElo "2472"]
[TimeControl "180+1"]
[EndTime "12:05:22 PDT"]
[Termination "PlotnikovPavel won by resignation"]

1. d4 c5 2. c4 cxd4 3. Qxd4 Nc6 4. Qd1 Nf6 5. Nf3 e6 6. g3 d5 7. cxd5 exd5 8. Bg2 Bc5 9. O-O O-O 10. a3 Bg4 11. b4 Bb6 12. Bb2 a6 13. Nbd2 Ne4 14.
Nb3 Qd7 15. Nfd4 Ne5 16. f3 Nc4 17. fxe4 Nxb2 18. Qc2 Nc4 19. exd5 Ne3 20. Qd3 Nxd5 21. Kh1 Ne7 22. Qe4 Rab8 23. Rad1 Rfe8 24. Nf3 Qf5 25. Qc4 Qe6 26. Qxe6 Bxe6 27. Nbd4 Bd5 28. Ne5 Bxg2+ 29. Kxg2 Nd5 30. Nc4 Ne3+ 31. Nxe3 Rxe3 32. Rf2 g6 33. a4 Rbe8 34. a5 Bxd4 35. Rxd4 Rxe2 36. Rd7 R2e7 37. Rfd2 Kg7 38. h4 f6 39. R2d6 Kf7 40. Kf3 Rxd7 41. Rxd7+ Re7 42. Rd6 Rc7 43. g4 Ke7 44.
Rb6 Kf7 45. Kf4 Rc4+ 46. Kf3 Rc3+ 47. Kf4 Rc4+ 48. Kg3 Rc3+ 49. Kf2 Rc2+ 50. Ke3 Rc7 51. Kd4 Rd7+ 52. Kc5 f5 53. gxf5 gxf5 54. Rh6 Kg7 55. Re6 Rf7 56. b5 axb5 57. Kxb5 f4 58. Re2 f3 59. Rf2 Kg6 60. Kc4 Kh5 61. Kd4 Kxh4 62.
Ke3 Kg3 63. Rf1 Re7+ 64. Kd4 f2 65. Rxf2 Kxf2 0-1

[Event "*** Titled Tuesday Blitz"]
[Site "Chess.com"]
[Date "2021.04.27"]
[Round "11"]
[White "Rodalquilar"]
[Black "Gusarov91"]
[Result "1-0"]
[WhiteElo "2778"]
[BlackElo "2638"]
[TimeControl "180+1"]
[EndTime "12:05:28 PDT"]
[Termination "Rodalquilar won on time"]

1. d4 Nf6 2. Bf4 b6 3. e3 Bb7 4. Nd2 e6 5. Ngf3 Be7 6. h3 O-O 7. Bd3 c5 8. c3 d5 9. O-O Nc6 10. Qe2 Bd6 11. Bxd6 Qxd6 12. e4 dxe4 13. Nxe4 Nxe4 14.
Qxe4 f5 15. Qh4 cxd4 16. Rfe1 Rae8 17. Rad1 h6 18. Bc4 Kh8 19. Nxd4 Nxd4 20. Qxd4 Qc6 21. Bf1 f4 22. Qd7 e5 23. Qxc6 Bxc6 24. Rd6 Rf6 25. Red1 Ree6 26. Rd8+ Kh7 27. Bc4 Re7 28. h4 h5 29. R1d6 Kg6 30. Rxf6+ gxf6 31. f3 Rd7 32.
Rg8+ Kh7 33. Rc8 Bb7 34. Rf8 Kg7 35. Rg8+ Kh7 36. Rb8 Kg7 37. Be6 Rc7 38. Rd8 Bc6 39. Rg8+ Kh7 40. Rd8 Re7 41. Bf5+ Kg7 42. Kf2 Bb7 43.
Ke2 Rf7 44. Kd3 Ba6+ 45. Kc2 Rf8 46. Rd7+ Rf7 47. Rd8 Rf8 48. Rd6 Rf7 49. b4 Rc7 50. a4 Bf1 51. Rd2 a5 52. b5 Bc4 53. Be4 Bf1 54.
Kb3 Kf7 55. Bd5+ Ke7 56. Be4 Bc4+ 57. Kb2 Rd7 58. Rf2 Rd1 59. Bg6 Bf7 60. Be4 Kd6 61. Kc2 Rg1 62. Rd2+ Kc7 63. Bf5 1-0

[Event "*** Titled Tuesday Blitz"]
[Site "Chess.com"]
[Date "2021.04.27"]
[Round "11"]
[White "SanchezKelvin"]
[Black "TokChess"]
[Result "1-0"]
[WhiteElo "268"]
[BlackElo "2371"]
[TimeControl "180+1"]
[EndTime "12:05:31 PDT"]
[Termination "SanchezKelvin won by resignation"]

1. e4 c5 2. Nf3 e6 3. d4 cxd4 4. Nxd4 Nc6 5. Nc3 a6 6. Be3 Nge7 7. Qf3 Nxd4 8. Bxd4 Nc6 9. Be3 Qf6 10. Qxf6 gxf6 11.
O-O-O b5 12. g3 Bb7 13. Bg2 h5 14. h4 Bh6 15. Bxh6 Rxh6 16. Rd6 Ne5 17. Rhd1 Bc6 18. Ne2 Nc4 19. R6d3 f5 20. Nc3 b4 21. Rd4 bxc3 22.
Rxc4 cxb2+ 23. Kxb2 Rb8+ 24. Kc1 Ke7 25. Bh1 fxe4 26.
Bxe4 Bxe4 27. Rxe4 Rf6 28. Rd2 Rf5 29. Red4 Rb7 30. Ra4 a5 31. Ra3 Rc7 32. Rb3 Rc4 33.
a3 a4 34. Rb4 Rfc5 35. Rxc4 Rxc4 36. Kb2 d5 37. c3 Kd7 38. Rd4 Kd6 39. Rxc4 dxc4 40.
Kc2 Kd5 41. Kd2 Ke4 42. Ke2 e5 43. f3+ Kf5 44. Ke3 f6 45. Kf2 Ke6 46. Ke2 f5 47. Ke3 Kd5 48. Ke2 Ke6 49. Ke3 Kf6 50. f4 e4 51. Kd4 Ke6 52. Kxc4 Kd6 53. Kd4 Kc6 54. Kc4 Kd6 55. Kd4 Kc6 56. c4 Kd6 57. c5+ Kc6 58. Kc4 e3 59. Kd3 Kxc5 60. Kxe3 Kc4 61.
Kf3 Kd4 62. Kf2 Kc3 63. Ke3 Kb3 64. g4 fxg4 65. f5 Kxa3 66. f6 Kb2 67. f7 a3 68.
f8=Q a2 69. Qb4+ Kc1 70. Qc3+ Kb1 71. Qb3+ Ka1 72. Kd2 g3 73. Kc2 1-0

[Event "*** Titled Tuesday Blitz"]
[Site "Chess.com"]
[Date "2021.04.27"]
[Round "11"]
[White "elextranjero00"]
[Black "starworld123"]
[Result "1-0"]
[WhiteElo "2628"]
[BlackElo "2755"]
[TimeControl "180+1"]
[EndTime "12:05:33 PDT"]
[Termination "elextranjero00 won by checkmate"]

1. e4 c5 2. Nf3 d6 3. d4 cxd4 4. Qxd4 Nc6 5. Qe3 g6 6. Be2 Bg7 7. O-O Nf6 8. Rd1 O-O 9. h3 Nd7 10. Nc3 Nc5 11. Nd5 Be6 12. c3 Rc8 13. Qf4 Ne5 14. Nd4 Bd7 15. Be3 e6 16. Nb4 a5 17.
Nbc2 Na4 18. Rab1 Nc4 19. Bxc4 e5 20. Qf3 exd4 21. Nxd4 Rxc4 22. b3 Rxc3 23. bxa4 Bxa4 24. Rd2 Qd7 25. Qf4 Be5 26. Qh6 Bg7 27. Qf4 Rfc8 28. Nf3 R8c6 29. e5 dxe5 30. Qxa4 Rc1+ 31.
Kh2 Qc7 32. Rxc1 e4+ 33. g3 Rxc1 34. Qe8+ Bf8 35. Bh6 Qe7 36. Qxe7 Bxe7 37. Ne5 f5 38. Rd7 Bf6 39. Bxc1 Bxe5 40. Rxb7 Bd4 41. Kg2 h5 42. Rb5 Bc3 43. Rc5 Bb4 44. Rc4 Kf7 45. a3 Be1 46. Rc5 Ke6 47. Rc2 Kd5 48. Re2 Bc3 49. Bd2 Bd4 50.
Bxa5 Bc5 51. Bb4 Bb6 52. Rd2+ Kc4 53. Rd6 e3 54. fxe3 Bxe3 55. Rxg6 h4 56. gxh4 Kd3 57. Kf3 f4 58. h5 Kc2 59. h6 Kd1 60. h7 Bd4 61.
Rd6 Kc1 62. Rxd4 Kb1 63. h8=Q Ka2 64. Qg8+ Kb2 65. Rd2+ Kc1 66. Qc4+ Kb1 67. Qc2+ Ka1 68. Rd1# 1-0

[Event "*** Titled Tuesday Blitz"]
[Site "Chess.com"]
[Date "2021.04.27"]
[Round "11"]
[White "GoValya"]
[Black "WiktoriaPOL"]
[Result "1/2-1/2"]
[WhiteElo "2215"]
[BlackElo "2035"]
[TimeControl "180+1"]
[EndTime "12:05:33 PDT"]
[Termination "Game drawn by repetition"]

1. d4 d5 2. g3 Nf6 3. Bg2 e6 4. Nf3 c5 5. O-O Nc6 6. c4 cxd4 7. Nxd4 Bc5 8. Nxc6 bxc6 9. cxd5 cxd5 10. Qc2 Bb6 11. Qc6+ Bd7 12. Qd6 Rc8 13. Nc3 Bc5 14. Qa6 O-O 15.
a3 d4 16. Ne4 Nxe4 17. Bxe4 Bb6 18. Bf4 f5 19. Bg2 Qf6 20. h4 e5 21. Bg5 Qe6 22.
Rac1 h6 23. Bd2 e4 24. Bb4 Rfe8 25. Rfd1 Rxc1 26. Rxc1 d3 27. e3 Qd5 28. Qc4 Be6 29. Qxd5 Bxd5 30. Bh3 g6 31. h5 Kg7 32. g4 fxg4 33. Bxg4 gxh5 34. Bxh5 Rg8 35. Kf1 Kf6 36. Bc3+ Ke6 37. a4 Bc4 38. Bd2 Bd5 39. a5 Rg5 40. Bd1 Bd8 41. b4 h5 42. Rc8 Kd7 43. Rc5 h4 44. Ba4+ Kd6 45. Rc8 Ke7 46. b5 h3 47.
Bb4+ Kd7 48. Rxd8+ Kxd8 49. Bd6 Kc8 50. b6 axb6 51.
axb6 Kb7 52. Bc7 Bc6 53. Bd1 Rg7 54. Bh2 Kxb6 55. Bf4 Kc5 56. Be5 Kc4 57. Bxg7 h2 58. Kg2 Kb4 59. Kxh2 Ba4 60. Bh5 d2 61. Kg3 d1=Q 62.
Bxd1 Bxd1 63. f3 Bxf3 64. Kf4 Kc4 65. Bd4 Kd3 66. Ke5 Ke2 67. Kf4 Kd3 68. Ke5 Ke2 69. Kf4 Kd3 1/2-1/2

[Event "*** Titled Tuesday Blitz"]
[Site "Chess.com"]
[Date "2021.04.27"]
[Round "11"]
[White "Arystanner"]
[Black "alexrustemov"]
[Result "1-0"]
[WhiteElo "2836"]
[BlackElo "2634"]
[TimeControl "180+1"]
[EndTime "12:05:40 PDT"]
[Termination "Arystanner won by resignation"]

1. e4 e6 2. d4 d5 3. e5 c5 4. c3 Qb6 5. Nf3 Bd7 6. a3 Bb5 7. c4 Bxc4 8. Bxc4 dxc4 9. d5 Qb3 10. dxe6 Qxd1+ 11. Kxd1 fxe6 12. Nbd2 Ne7 13. Nxc4 Nec6 14. Kc2 b5 15. Nd6+ Bxd6 16. exd6 Kd7 17. Be3 Na6 18. Rad1 e5 19. Kd3 Rae8 20. Ke4 h6 21. Rd5 Re6 22. Rhd1 Rf8 23. Nxe5+ Nxe5 24. Rxe5 Rxd6 25. Rxd6+ Kxd6 26. Bf4 Kd7 27. Rd5+ Kc6 28. Rd6+ Kb7 29.
Rg6 Rf7 30. f3 c4 31. Be5 Nc5+ 32. Kd5 Nd3 33. Ke6 Nxe5 34. Kxe5 a5 35. Kd4 Rc7 36. Kc3 Ka7 37. h4 Kb7 38. h5 Ka7 39. f4 Kb7 40. g3 Rd7 41. g4 Rd3+ 42. Kc2 Rd7 43. f5 Rf7 44. Kc3 Rd7 45. a4 bxa4 46. Kxc4 Re7 47. Kb5 Ka7 48. Kxa4 Kb7 49. Kxa5 Kc8 50. b4 Ra7+ 51. Kb5 Kd8 52. Kb6 Rd7 53. b5 Kc8 54. Kc5 Kb7 55. Rb6+ Kc7 56. Rg6 Kb7 57. f6 gxf6 58.
Rxf6 Rg7 59. Rg6 Rh7 60. b6 Ka6 61. Kc6 Rb7 62. Kd5 Rh7 63. Ke5 Kb7 64. Kf5 Ka6 65. Rf6 Rg7 66. Rxh6 Kb7 67. Rg6 Rf7+ 68. Rf6 Rd7 69.
g5 1-0

[Event "*** Titled Tuesday Blitz"]
[Site "Chess.com"]
[Date "2021.04.27"]
[Round "11"]
[White "stolencandy13"]
[Black "Nozdrachev_Leonid"]
[Result "0-1"]
[WhiteElo "2464"]
[BlackElo "2609"]
[TimeControl "180+1"]
[EndTime "12:05:43 PDT"]
[Termination "Nozdrachev_Leonid won on time"]

1. d4 d6 2. e4 Nf6 3. Bd3 e5 4. c3 g6 5. Bg5 Bg7 6. Nf3 O-O 7. Nbd2 exd4 8. cxd4 c5 9. O-O Nc6 10. d5 Nb4 11. Nc4 Bg4 12. a3 Nxd3 13. Qxd3 b5 14. Ncd2 c4 15. Qe3 Re8 16. Qf4 Bxf3 17. Qxf3 h6 18.
Bh4 g5 19. Bg3 Qd7 20. Rfe1 g4 21. Qe3 Nxd5 22. exd5 Rxe3 23. Rxe3 Bxb2 24. Rae1 Qf5 25. Bxd6 Qxd5 26. Ne4 f5 27. Ng3 Qxd6 28. Nxf5 Qf6 29.
Ne7+ Kf7 30. Nd5 Qg5 31. Re7+ Kf8 32. Rd7 Re8 33. Rd1 Bd4 34. Nc7 Qd2 35. Rf1 Qxf2+ 36.
Rxf2+ Bxf2+ 37. Kxf2 Rb8 38. Ne6+ Kg8 39. Nd4 a5 40. Rd5 b4 41. Rxa5 b3 42. Ne2 Rd8 43. Nc3 Rd2+ 44. Ke1 Rc2 45. Na4 b2 46. Nxb2 Rxb2 47.
Rc5 Rxg2 48. Rxc4 h5 49. Rc5 Rxh2 50. a4 Kg7 51. a5 Kg6 52. a6 Ra2 53. Rc6+ Kg5 54.
Kf1 Kh4 55. Kg1 Kh3 56. Rh6 h4 57. Rb6 g3 58. Rb1 Rxa6 59. Kh1 Ra2 60. Re1 Rd2 61. Kg1 Kg4 62. Re4+ Kg5 63. Re1 Kf4 64. Rf1+ Ke3 65.
Re1+ Kf3 66. Rf1+ Kg4 67. Re1 h3 68. Re4+ Kf3 69. Re1 Re2 70. Rf1+ Ke3 71. Ra1 Rd2 72. Re1+ Kd3 73. Ra1 Ke2 0-1

[Event "*** Titled Tuesday Blitz"]
[Site "Chess.com"]
[Date "2021.04.27"]
[Round "11"]
[White "Goryachkina"]
[Black "Zq1"]
[Result "1-0"]
[WhiteElo "2673"]
[BlackElo "2537"]
[TimeControl "180+1"]
[EndTime "12:05:46 PDT"]
[Termination "Goryachkina won by resignation"]

1. e4 c5 2. Nf3 d6 3. d4 cxd4 4. Qxd4 a6 5. c4 e6 6. Nc3 Nf6 7. h3 Be7 8. Be2 Qc7 9. O-O b6 10. b3 Bb7 11. Bb2 Nbd7 12. Rfe1 O-O 13. Rad1 Rac8 14. Bd3 Ne5 15. Nxe5 dxe5 16. Qe3 Bc5 17.
Qe2 Bd4 18. Na4 Rfd8 19. Bxd4 Rxd4 20. Bb1 Rcd8 21. Rxd4 Rxd4 22. Rd1 Rxd1+ 23. Qxd1 Bxe4 24. Bxe4 Nxe4 25. Qd3 Nc5 26. Nxc5 bxc5 27. Qe4 f5 28. Qa8+ Kf7 29. Qxa6 e4 30. Qb5 Qe5 31. Qd7+ Kg6 32. Qd2 f4 33. a3 Kf5 34. b4 Qa1+ 35. Kh2 Qxa3 36. b5 e3 37. Qc2+ Ke5 38. f3 Kd4 39.
b6 Qb4 40. Qe4+ Kc3 41. b7 Kd2 42. Qc6 e2 43. Qd6+ Kc2 44. Qxe6 e1=Q 45. Qxe1 Qxe1 46.
b8=Q Qg3+ 47. Kh1 Qe1+ 48. Kh2 Qg3+ 49. Kh1 Kc3 50. Qg8 g5 51. Qd5 Qe1+ 52. Kh2 Qe3 53. Qxg5 Kxc4 54. Qf5 Kd4 55. Qxh7 c4 56. Qd7+ Kc3 57. h4 Qf2 58. h5 Qh4+ 59. Qh3 Qf6 60. h6 Qh8 61. h7 Kd3 62. Qd7+ Ke2 63. Qf7 Kf1 64. Qg8 Qd4 65. h8=Q Qg1+ 66. Kh3 Qh1+ 67. Kg4 Qxg2+ 68. Kxf4 Qd2+ 69. Ke5 Qe3+ 70. Kd5 Qd3+ 71.
Kc5 Qa3+ 72. Kb5 Qb3+ 73. Kc6 Qa4+ 74. Kd6 Qa6+ 75. Ke5 Qa1+ 76. Kf4 Qc1+ 77. Kg4 1-0